 Dungeon Crawl Stone Soup version 0.25.0-9-g26727b6 (webtiles) character file.

Game seed: 6679257865516980322

672 Helmschank the Cudgeler (level 7, -1/61 HPs)
             Began as a Minotaur Fighter on June 21, 2020.
             Slain by a sky beast (5 damage)
             ... on level 4 of the Dungeon.
             The game lasted 00:15:14 (4371 turns).

Helmschank the Cudgeler (Minotaur Fighter)          Turns: 4371, Time: 00:15:15

Health: -1/61      AC:  7    Str: 23    XL:     7   Next: 32%
Magic:  6/6        EV:  8    Int:  5    God:
Gold:   225        SH: 15    Dex:  9    Spells: 6/6 levels left

rFire    . . .     SeeInvis .   a - +0 morningstar
rCold    . . .     Gourm    .   c - +0 kite shield
rNeg     . . .     Faith    .   q - +0 scale mail
rPois    .         Spirit   .   (helmet restricted)
rElec    .         Reflect  +   (no cloak)
rCorr    .         Harm     .   (no gloves)
MR       .....                  (no boots)
Stlth    ..........             t - amulet of reflection
HPRegen  0.20/turn              (no ring)
MPRegen  0.10/turn              (no ring)

@: hasted, very quick
A: retaliatory headbutt, horns 2
a: no special abilities


You were on level 4 of the Dungeon.
You were not hungry.

You visited 1 branch of the dungeon, and saw 5 of its levels.

You collected 225 gold pieces.

Inventory:

Hand Weapons
 a - a +0 morningstar (weapon)
 b - a +0 whip
 i - a +1 flail
 o - a +0 vorpal hand axe
 x - a +0 mace
Missiles
 K - 6 boomerangs
 O - 122 stones (quivered)
 P - 36 poisoned darts
Armour
 c - a +0 kite shield (worn)
 q - a +0 scale mail (worn)
Jewellery
 e - an uncursed ring of see invisible {unknown}
 t - an amulet of reflection (around neck)
 y - an uncursed ring of protection from magic {unknown}
Scrolls
 h - a scroll of magic mapping {unknown}
 l - 8 scrolls of remove curse
 n - 3 scrolls of identify
 p - 2 scrolls of teleportation {unknown}
 w - a scroll of amnesia {unknown}
Potions
 d - a potion of flight {unknown}
 g - a potion of curing {unknown}
 j - a potion of haste
 m - a potion of brilliance {unknown}
 r - a potion of invisibility {unknown}
 s - a potion of berserk rage {unknown}
 u - a potion of ambrosia {unknown}
 v - 2 potions of degeneration {unknown}
 z - a potion of cancellation {unknown}
Comestibles
 f - 5 rations
 k - 7 chunks of flesh


   Skills:
 - Level 5.0 Fighting
 + Level 6.4 Maces & Flails
 - Level 3.0 Throwing
 - Level 5.0 Armour
 - Level 2.0 Dodging
 - Level 5.0 Shields


You had 6 spell levels left.
You didn't know any spells.
Your spell library was empty.

Dungeon Overview and Level Annotations

Branches:
Dungeon (5/15)
 Temple: D:4-7

Altars:
Cheibriados
Elyvilon
Gozag
Kikubaaqudgha
Nemelex Xobeh
Yredelemnul


Innate Abilities, Weirdness & Mutations

You reflexively headbutt those who attack you in melee.
You have a pair of horns on your head.


Message History

A sky beast appears from thin air!
Okay, then.
Things that are here:
a cursed +0 robe; a +0 scythe The sky beast flickers out of sight!
Deactivating autopickup; reactivate with Ctrl-A.
Something hits you.
* * * LOW HITPOINT WARNING * * *
Something shocks you.
* * * LOW HITPOINT WARNING * * *
You take 7 damage, and have 5/61 hp.
A sky beast appears from thin air!
Reactivating autopickup.
There is a stone staircase leading up here.
Okay, then.
Okay, then.
It was a potion of haste.
You feel yourself speed up. The sky beast hits you.
* * * LOW HITPOINT WARNING * * *
The sky beast shocks you.
You die...

............#.........####.....#.
............#.#.#####.##########.
............#.#..................
#######...............##########.
#.............##################.
.................................
...............[........#####....
................................#
..............§Y@.......######...
.............####................
#.............{..................
#............###.................
#########'#......................
#########.#.###..................
..........#.###..#.########......
.##########.#......########......
.# #.##...................


You could see a sky beast.

Vanquished Creatures
  Sigmund (D:4)
  An ogre (D:4)
  A centaur skeleton (D:4)
  A hound (D:4)
  3 orc priests
  An iguana (D:4)
  An orc wizard (D:3)
  2 worker ants (D:4)
  A howler monkey skeleton (D:4)
  7 adders
  A shadow imp (D:2)
  2 oozes (D:1)
  2 adder skeletons
  4 worms
  3 leopard geckos
  8 orcs
  8 bats
  4 giant cockroaches
  6 goblins
  9 hobgoblins
  3 jackals (D:2)
  A quokka (D:2)
  A ball python (D:2)
  4 frilled lizards
  9 kobolds
  5 rats
89 creatures vanquished.

Notes
Turn   | Place    | Note
-------+----------+-------------------------------------------
     0 | D:1      | Helmschank the Minotaur Fighter began the quest for the
                  | Orb.
     0 | D:1      | Reached XP level 1. HP: 19/19 MP: 0/0
    77 | D:1      | Reached skill level 3 in Maces & Flails
   140 | D:1      | Reached XP level 2. HP: 17/26 MP: 1/1
   498 | D:1      | Reached skill level 4 in Maces & Flails
   653 | D:1      | Reached XP level 3. HP: 31/33 MP: 2/2
  1200 | D:2      | Reached skill level 1 in Dodging
  1462 | D:2      | Reached XP level 4. HP: 40/40 MP: 3/3
  1963 | D:3      | Reached skill level 1 in Throwing
  2078 | D:3      | Found a basalt altar of Yredelemnul.
  2569 | D:3      | Reached XP level 5. HP: 46/46 MP: 4/4
  2780 | D:3      | Found an ancient bone altar of Kikubaaqudgha.
  2824 | D:2      | Reached skill level 5 in Maces & Flails
  3088 | D:4      | Found an opulent altar of Gozag.
  3101 | D:4      | Found a white marble altar of Elyvilon.
  3150 | D:4      | Found a snail-covered altar of Cheibriados.
  3161 | D:4      | Noticed Sigmund
  3274 | D:4      | Reached skill level 6 in Maces & Flails
  3274 | D:4      | Reached XP level 6. HP: 46/52 MP: 5/5
  3328 | D:4      | Killed Sigmund
  3328 | D:4      | Reached skill level 5 in Fighting
  3491 | D:4      | Reached skill level 5 in Armour
  3914 | D:4      | Reached XP level 7. HP: 59/61 MP: 6/6
  3944 | D:4      | Found a sparkling altar of Nemelex Xobeh.
  4125 | D:4      | Reached skill level 5 in Shields
  4329 | D:5      | Entered Level 5 of the Dungeon
  4371 | D:4      | Slain by a sky beast

Illustrated notes

Levels and vault maps discovered:
D:1:      psy_arrival_basics, layout_basic
D:2:      layout_rooms, kennysheep_generic_room_14
D:3:      layout_rooms, overflow_temple_1_default, overflow_temple_1_default
D:4:      minmay_diamond_boxcup, layout_basic, old_standard_altar,
          old_standard_altar, old_standard_altar,
          nicolae_overflow_crystal_walls, first_ration, uniq_sigmund
D:5:      wad_pebble_path, layout_cave_pools, lemuel_coloured_pillars_altar,
          serial_shops, nicolae_shop_stone

Skill      XL: |  1  2  3  4  5  6  7 |
---------------+----------------------+-----
Maces & Flails | 3 4 6 |  6.4
Fighting       | 4 5 |  5.0
Armour         | 4 5 |  5.0
Shields        | 4 5 |  5.0
Dodging        | 1 2 |  2.0
Throwing       | 2 3 |  3.0

Action                   |  1- 3 |  4- 6 |  7- 9 || total
-------------------------+-------+-------+-------++-------
Melee: Flail             |   108 |   134 |       ||   242
       Headbutt          |    15 |    15 |     4 ||    34
       Morningstar       |       |     9 |    30 ||    39
Throw: Stone             |    48 |    50 |     4 ||   102
  Use: Scroll            |       |     3 |       ||     3
       Potion            |       |     3 |     1 ||     4
  Eat: Chunk             |     2 |     7 |     2 ||    11
Armor: Scale mail        |    41 |    34 |     7 ||    82
Dodge: Dodged            |    34 |    35 |     6 ||    75
Block: Kite shield       |    47 |   119 |    17 ||   183
